Map: Blueshift LE

Players

SpeCial - Winner!

  • Race: Terran Terran
  • Spawn Location: 1:00

Astrea

  • Race: Protoss Protoss
  • League: Grandmaster
  • Spawn Location: 7:00

Event: Cheeseadelphia 8

VOD

Have the link to the VOD?

Description

Time

  • Played on: Dec. 8, 2018, 3:38 p.m.
  • Length: 5:51

All games in this series

Show
View Real Time Build Order
Export as new Build Order

SpeCial Terran - Winner!

Build Orders:  

Get SALT Encoding   

  12  0:00  SCV  
  13  0:13  SCV  
  14  0:18  Supply Depot  
  14  0:25  SCV  
  15  0:40  SCV  
  15  0:41  Barracks  
  16  0:46  Refinery  
  16  0:52  SCV  
  16  0:56  Refinery  
  17  1:04  SCV  
  18  1:16  SCV  
  19  1:28  Orbital Command  
  19  1:29  Reaper  
  20  1:35  Supply Depot  
  20  1:45  Factory  
  20  1:55  SCV  
  21  2:01  Reaper  
  21  2:07  SCV  
  23  2:19  SCV  
  24  2:28  Command Center  
  24  2:31  SCV  
  24  2:32  Hellion  
  27  2:43  Starport  
  27  2:44  SCV  
  28  2:54  Widow Mine  
  28  2:56  SCV  
  31  2:59  Supply Depot  
  31  3:20  Medivac, SCV  
  31  3:21  Widow Mine  
  31  3:24  Barracks  
  36  3:32  SCV  
  37  3:41  Orbital Command  
  37  3:42  Bunker  
  37  3:44  SCV  
  37  3:45  Factory Tech Lab  
  38  3:55  Starport Tech Lab  
  36  3:56  SCV  
  37  4:03  Siege Tank  
  37  4:05  Marine  
  37  4:09  SCV  
  42  4:11  SCV  
  42  4:14  Marine  
  42  4:15  Banshee  
  47  4:19  Bunker  
  47  4:21  SCV  
  48  4:28  SCV  
  49  4:33  SCV  
  49  4:35  Siege Tank  
  53  4:38  Marine  
  53  4:41  SCV  
  53  4:42  Marine  
  53  4:45  SCV  
  48  4:56  Marine, SCV  
  50  5:00  Marine  
  50  5:03  Viking  
  51  5:14  Marine  
  48  5:17  Marine  
  48  5:20  SCV  
  43  5:32  Marine  
Show
View Real Time Build Order
Export as new Build Order

Astrea Protoss 

Build Orders: 1 Gate Expand 

Get SALT Encoding   

  12  0:00  Probe  
  13  0:12  Probe  
  14  0:17  Pylon  
  14  0:23  Probe  
  15  0:31  Probe  
  15  0:37  Gateway  
  15  0:40  Probe  
  16  0:47  Assimilator  
  17  0:51  Probe  
  18  1:03  Probe  
  19  1:15  Probe  
  20  1:25  Cybernetics Core  
  20  1:34  Nexus  
  20  1:35  Probe  
  21  1:41  Pylon  
  21  1:47  Probe  
  21  1:52  Adept  
  21  1:53  Assimilator, Warp Gate  
  22  1:59  Probe  
  24  2:12  Probe  
  24  2:25  Probe  
  25  2:33  Robotics Facility  
  25  2:35  Adept  
  27  2:37  Probe  
  28  2:49  Probe  
  27  3:01  Gateway  
  27  3:02  Gateway, Sentry  
  29  3:11  Immortal  
  29  3:12  Probe  
  34  3:40  Probe x2  
  36  3:41  Warp Prism  
  36  3:47  Pylon  
  37  4:05  Stalker, Sentry x2  
  42  4:11  Observer  
  43  4:29  Adept  
  43  4:30  Adept x2  
  49  4:34  Pylon  
  29  5:04  Stalker x2  
Tags
 
Add a new tag
Caveats
  • Supply blocks, unpowered buildings, or Contaminate may cause inaccurate times.
  • Supply counts are checked every 10 seconds.